 Dungeon Crawl Stone Soup version 0.29.1-1-gd02db6906a (webtiles) character file.

Game seed: 10682845899153660735

109 H0rd4k the Insei (level 4, 0/28 HPs)
             Began as an Octopode Transmuter on Oct 20, 2022.
             Slain by a gnoll
             ... wielding a +0 halberd
              (17 damage)
             ... on level 3 of the Dungeon.
             The game lasted 00:01:25 (3028 turns).

H0rd4k the Insei (Octopode Transmuter)              Turns: 3028, Time: 00:01:26

Health: 0/28       AC:  1    Str:  9    XL:     4   Next: 89%
Magic:  6/7        EV: 13    Int: 17    God:
Gold:   129        SH:  0    Dex: 12    Spells: 6/7 levels left

rFire   . . .      SeeInvis .     - Unarmed
rCold   . . .      Faith    .   (no shield)
rNeg    . . .      Spirit   .   (helmet currently unavailable)
rPois   .          Reflect  .   (no amulet)
rElec   .          Harm     .   (no ring)
rCorr   .          Rampage  .   (no ring)
Will    .....                   (no ring)
Stlth   +++.......              (no ring)
HPRegen 0.09/turn               (no ring)
MPRegen 0.10/turn               (no ring)
                                (no ring)
                                (no ring)

@: appendages
A: tentacle spike 3, almost no armour, amphibious, 8 rings, camouflage 1,
gelatinous body 1, (nimble swimmer 1), tentacles
a: End Transformation


You were on level 3 of the Dungeon.
One of your tentacles had grown a beastly spike.
You visited 1 branch of the dungeon, and saw 3 of its levels.

You collected 129 gold pieces.

Inventory:

Magical Staves
 b - a staff of death
Jewellery
 f - a ring of fire
Scrolls
 d - 2 scrolls of enchant weapon {unknown}
 e - 4 scrolls of identify {unknown}
 g - 4 scrolls of teleportation {unknown}
 k - a scroll of blinking {unknown}
Potions
 a - a potion of lignification
 c - a potion of curing {unknown}
 h - 2 potions of cancellation {unknown}
 i - 2 potions of brilliance {unknown}
 j - 2 potions of heal wounds {unknown}
 l - a potion of resistance {unknown}


   Skills:
 + Level 1.0 Fighting
 + Level 2.6 Dodging
 - Level 1.7 Stealth
 + Level 4.5 Unarmed Combat
 + Level 2.4 Spellcasting
 + Level 2.1 Transmutations


You had 6 spell levels left.
You knew the following spells:

 Your Spells              Type           Power      Damage    Failure   Level
a - Beastly Appendage     Tmut           18%        N/A       8%          1

Your spell library contained the following spells:

 Spells                   Type           Power      Damage    Failure   Level
 Wereblood                Tmut           9%         N/A       12%         2
 Spider Form              Tmut/Pois      5%         N/A       34%         3
 Ice Form                 Ice/Tmut       5%         N/A       75%         4


Dungeon Overview and Level Annotations

Branches:
Dungeon (3/15)

Altars:

Shops:
D:2 [

Annotations:
D:1 exclusion: downstairs


Innate Abilities, Weirdness & Mutations

One of your tentacles has grown a beastly spike.
You cannot wear most types of armour.
You are amphibious.
You can wear up to eight rings at the same time.
Your skin changes colour to match your surroundings (Stealth+).
Your rubbery body absorbs attacks. (AC +1, EV +1)
((You are camouflaged when in or above water. (Stealth+)))
You have tentacles for arms and can constrict up to eight enemies at once.


Message History

HP restored.
i - 2 viscous clear potions (gained 1) As you open the door, it creaks loudly!
You hear a shout!
No target in view!
There is an open door here.
A gnoll comes into view. It is wielding a +0 whip.
A gnoll is nearby!
The gnoll shouts!
You hear a shout! x2
A gnoll is nearby!
The gnoll misses you.
There are monsters nearby!
You tentacle-slap the gnoll. You grab the gnoll.
The gnoll is lightly wounded.
You constrict the gnoll. The gnoll barely misses you.
You tentacle-slap the gnoll. You squeeze the gnoll!
You kill the gnoll!
A gnoll comes into view. It is wielding a +0 halberd.
You see here a +0 whip.
A gnoll comes into view. It is wielding a +0 flail.
The gnoll completely misses you.
The gnoll shouts!
You tentacle-slap the gnoll. You grab the gnoll.
The gnoll is lightly wounded.
You constrict the gnoll, but do no damage.
The gnoll closely misses you. x2
Casting: Beastly Appendage (safe; 8% risk of failure)
Confirm with . or Enter, or press ? or * to list all spells.
One of your tentacles grows a vicious spike.
You constrict the gnoll. The gnoll closely misses you.
The gnoll barely misses you.
You tentacle-slap the gnoll.
The gnoll is moderately wounded.
You constrict the gnoll.
The gnoll hits you from afar with a +0 halberd!
The gnoll misses you.
You tentacle-slap the gnoll.
You pierce the gnoll.
You kill the gnoll!
The gnoll hits you from afar with a +0 halberd!
Ouch! That really hurt!
You die...

#.. . ## #.#.# #. ..
#.#.# .#.# .#
#.#.###.#.##.##
#.#.#.........
#.#........g.
#.#....<..#g#
#<........#@# #+##
#.........#)###...##
#.........#.##.....##
#.........#.#.....<.##
####......#..........#
#.................+
#....#.##.........#
###.##.###.......##
####.# ##.....##


You could see 2 gnolls.

Vanquished Creatures
  5 gnolls
  An adder (D:3)
  A worm (D:2)
  4 dart slugs
  4 ball pythons (D:2)
  2 bats (D:1)
  3 endoplasms
  A giant cockroach (D:1)
  9 goblins
  A hobgoblin (D:2)
  4 kobolds
  4 quokkas
  3 frilled lizards (D:1)
  7 rats
49 creatures vanquished.

Notes
Turn   | Place    | Note
-------+----------+-------------------------------------------
     0 | D:1      | H0rd4k the Octopode Transmuter began the quest for the Orb.
     0 | D:1      | Reached XP level 1. HP: 13/13 MP: 3/3
   244 | D:1      | Reached XP level 2. HP: 16/18 MP: 5/5
   861 | D:1      | Reached XP level 3. HP: 20/23 MP: 6/6
  1013 | D:1      | Reached skill level 1 in Stealth
  1013 | D:1      | Found a faded altar of an unknown god.
  1028 | D:1      | Found a faded altar of an unknown god.
  1362 | D:2      | Found Huppieku's Antique Armour Emporium.
  1675 | D:2      | Reached skill level 4 in Unarmed Combat
  1675 | D:2      | Reached XP level 4. HP: 14/28 MP: 5/7
  3028 | D:3      | Slain by a gnoll

Illustrated notes

Levels and vault maps discovered:
D:1:      minmay_arrival_hallway, layout_loops_ring,
          hellmonk_ecumenical_altar_the_god_not_taken, minmay_3d_cube
D:2:      layout_basic, serial_shops, nicolae_shop_crystal
D:3:      layout_loops_corners, pdpol_temple_overflow_zin_treasury_gozag_greed,
          minmay_between

Skill      XL: |  1  2  3 |
---------------+----------+-----
Stealth        | 1 |  1.7
Unarmed Combat | 4 |  4.5
Fighting       | |  1.0
Dodging        | |  2.6
Spellcasting   | |  2.4
Transmutations | |  2.1

Action                   |  1- 3 |  4- 6 || total
-------------------------+-------+-------++-------
Melee: Unarmed           |    60 |    37 ||    97
       Constrict         |    17 |    11 ||    28
       Tentacles         |    15 |     6 ||    21
       Punch             |     5 |     2 ||     7
       Kick              |     5 |     1 ||     6
 Cast: Beastly Appendage |     3 |     2 ||     5
 Stab: Sleeping          |     4 |     7 ||    11
Armor: Skin              |     3 |       ||     3
Dodge: Dodged            |    30 |    18 ||    48
